 Dungeon Crawl Stone Soup version 0.25.0-46-gbd7b0854d2 (webtiles) character file.

Game seed: 10578273085198964931

3630 lorefighter the Cleaver (level 9, -2/81 HPs)
             Began as a Deep Dwarf Fighter on July 13, 2020.
             Was an Initiate of Elyvilon.
             Slain by a basilisk (14 damage)
             ... on level 8 of the Dungeon.
             The game lasted 00:34:25 (6589 turns).

lorefighter the Cleaver (Deep Dwarf Fighter)        Turns: 6589, Time: 00:34:25

Health: -2/81      AC: 12    Str: 22    XL:     9   Next: 87%
Magic:  6/6        EV: 10    Int: 10    God:    Elyvilon [......]
Gold:   343        SH: 13    Dex: 12    Spells: 8/8 levels left

rFire    . . .     SeeInvis .   a - +0 war axe
rCold    . . .     Gourm    .   y - +2 kite shield
rNeg     . . .     Faith    .   g - +3 scale mail
rPois    .         Spirit   .   (no helmet)
rElec    .         Reflect  .   o - +0 cloak
rCorr    .         Harm     .   (no gloves)
MR       +....                  (no boots)
Stlth    +.........             (no amulet)
HPRegen  0.00/turn              J - ring of stealth
MPRegen  0.10/turn              (no ring)

@: non-regenerating
A: damage resistance, heal wounds, sense surroundings 2, no regeneration
a: Heal Wounds, Renounce Religion


You were on level 8 of the Dungeon.
You worshipped Elyvilon.
Elyvilon was noncommittal.
You were hungry.

You visited 2 branches of the dungeon, and saw 9 of its levels.

You collected 343 gold pieces.

Inventory:

Hand Weapons
 a - a +0 war axe (weapon)
 x - a +4 vampiric great sword
 K - a +2 falchion of electrocution
Armour
 b - a +0 scale mail
 c - a +0 kite shield
 g - a +3 scale mail (worn)
 o - a +0 cloak (worn)
 y - a +2 kite shield (worn)
 Q - a +0 scale mail of fire resistance
Jewellery
 v - a cursed amulet of guardian spirit
 B - a +4 ring of protection {unknown}
 D - an uncursed ring of magical power {unknown}
 J - a ring of stealth (left hand)
 O - a cursed ring of teleportation {unknown}
Wands
 m - a wand of polymorph (8)
 n - a wand of flame (22)
 u - a wand of random effects (27)
 E - a wand of iceblast (3)
 N - a wand of paralysis (5)
Scrolls
 e - 3 scrolls of enchant weapon {unknown}
 i - 3 scrolls of magic mapping {unknown}
 j - 3 scrolls of remove curse {unknown}
 p - 6 scrolls of teleportation
 s - 2 scrolls of amnesia {unknown}
 t - a scroll of blinking {unknown}
 C - 2 scrolls of fog {unknown}
 F - 2 scrolls of fear {unknown}
 G - a scroll of acquirement {unknown}
 L - a scroll of random uselessness {unknown}
 P - a scroll of immolation {unknown}
Potions
 d - 2 potions of might
 h - 2 potions of flight
 k - 2 potions of heal wounds {unknown}
 l - a potion of cancellation {unknown}
 q - a potion of resistance {unknown}
 r - a potion of brilliance {unknown}
 w - a potion of ambrosia {unknown}
 z - a potion of haste {unknown}
 A - a potion of degeneration {unknown}
 H - a potion of berserk rage {unknown}
 I - 2 potions of lignification {unknown}
 M - a potion of curing
Comestibles
 f - 11 rations
 R - 2 chunks of flesh


   Skills:
 + Level 5.4 Fighting
 + Level 10.2 Axes
 + Level 6.7 Armour
 + Level 3.5 Dodging
 + Level 0.6 Stealth
 + Level 8.3 Shields


You had 8 spell levels left.
You didn't know any spells.
Your spell library contained the following spells:

 Spells                   Type           Power        Failure   Level  Hunger
 Confusing Touch          Hex            #.......     100%        3    ####...
 Gell's Gravitas          Tloc           #.........   100%        3    ####...
 Petrify                  Tmut/Erth      #.......     100%        4    #####..
 Metabolic Englaciation   Hex/Ice        #.........   100%        5    ######.
 Yara's Violent Unravell  Hex/Tmut       #.........   100%        5    ######.


Dungeon Overview and Level Annotations

Branches:
Dungeon (8/15)             Temple (1/1) D:7            Lair (0/6) D:8

Altars:
Ashenzari
Elyvilon
Gozag
Hepliaklqana
Kikubaaqudgha
Nemelex Xobeh
Okawaru
Qazlal
Sif Muna
Trog
Uskayaw
Wu Jian
Xom
Zin
The Shining One


Innate Abilities, Weirdness & Mutations

You are resistant to damage.
You can heal yourself by infusing magical energy.
You passively map the area around you.
You do not regenerate.


Message History

You resist with almost no effort.
You miss the basilisk.
The basilisk is almost dead.
You closely miss the necrophage. You block the necrophage's attack.
The basilisk bites you but does no damage.
You closely miss the basilisk.
The basilisk is almost dead.
You closely miss the necrophage. You block the necrophage's attack.
The basilisk gazes at you. You resist with almost no effort.
You barely miss the basilisk.
The basilisk is almost dead.
You closely miss the necrophage.
The necrophage hits you but does no damage.
You block the basilisk's attack.
You hit the basilisk but do no damage.
The basilisk is almost dead.
You closely miss the necrophage. You block the necrophage's attack.
The basilisk bites you!
You die...

# ## ###.♣♣♣♣###
##.......##* #.♣♣._.♣..##
#.........., *
...........######..........
, *
...............##........P.
, ,
...............##.....!....
...............##......P.).
,,
........###..†÷###......♣,,
,, .###########.#.)@l.....♣
, ..######......###n.....♣,
,, #.........#####
##.......♣ > , ########..#
#...PP..♣ , ,, ........[.#
.#....♣P..♣ ,, .###......#
#i'.........* ,
###..###..#* .#.#....♣....,
, #. ##.#* #$#.#........P*
,, , # ## **


You could see a basilisk and a necrophage.

Vanquished Creatures
  A hippogriff (D:7)
  A spriggan (D:8)
  A basilisk (D:8)
  A hungry ghost (D:7)
  2 porcupines (D:8)
  3 sky beasts
  A water moccasin (D:7)
  2 orc warriors
  A necrophage (D:8)
  4 ogres
  2 centaurs
  A big kobold (D:8)
  2 bullfrogs
  4 scorpions
  The ghost of lorefighter the Shield-Bearer, a weakling DDFi (D:3)
  A crimson imp (D:5)
  A bullfrog skeleton (D:5)
  3 bullfrog zombies
  2 jellies
  A hound (D:4)
  6 orc wizards
  An orc priest (D:5)
  2 iguanas
  Natasha (thrice) (D:3)
  9 worker ants
  5 hound zombies
  A howler monkey zombie (D:5)
  13 adders
  9 gnolls
  An ooze (D:2)
  4 adder skeletons
  A worm (D:3)
  2 dart slugs
  3 leopard geckos
  26 orcs
  5 ball pythons
  5 giant cockroaches
  3 goblins
  8 hobgoblins
  15 jackals
  A quokka (D:4)
  3 bats
  6 frilled lizards
  18 kobolds
  A leopard gecko zombie (D:5)
  7 rats
193 creatures vanquished.

Vanquished Creatures (others)
  3 fungi (D:8)
  5 plants (D:8)
8 creatures vanquished.

Grand Total: 201 creatures vanquished

Notes
Turn   | Place    | Note
-------+----------+-------------------------------------------
     0 | D:1      | lorefighter the Deep Dwarf Fighter began the quest for the
                  | Orb.
     0 | D:1      | Reached XP level 1. HP: 20/20 MP: 1/1
   153 | D:1      | Reached XP level 2. HP: 20/27 MP: 2/2
   927 | D:2      | Found an opulent altar of Gozag.
   945 | D:2      | Reached XP level 3. HP: 12/33 MP: 3/3
  1317 | D:2      | Reached skill level 3 in Axes
  1647 | D:3      | Reached XP level 4. HP: 38/42 MP: 4/4
  1736 | D:3      | Noticed Natasha
  1747 | D:3      | Killed Natasha
  1758 | D:3      | Found a runed translucent gate.
  1758 | D:3      | Found a runed translucent gate.
  1758 | D:3      | Found a runed translucent gate.
  1760 | D:3      | Found an opulent altar of Gozag.
  1762 | D:3      | Noticed an orc warrior
  1762 | D:3      | Noticed lorefighter's ghost (weakling DDFi)
  1827 | D:3      | Reached skill level 1 in Dodging
  1827 | D:3      | Reached XP level 5. HP: 18/49 MP: 5/5
  1943 | D:3      | Noticed Natasha
  1950 | D:3      | Killed Natasha
  1950 | D:3      | Reached skill level 4 in Axes
  2027 | D:3      | Noticed Natasha
  2033 | D:3      | Killed Natasha
  2262 | D:4      | Reached XP level 6. HP: 14/56 MP: 6/6
  2456 | D:4      | Reached skill level 5 in Axes
  2575 | D:4      | Reached skill level 5 in Armour
  2579 | D:4      | Reached XP level 7. HP: 18/62 MP: 7/7
  2916 | D:5      | Entered Level 5 of the Dungeon
  2923 | D:5      | Reached skill level 6 in Axes
  2988 | D:5      | HP: 1/63 [orc priest/divine providence (8)]
  2994 | D:5      | Reached skill level 5 in Shields
  3278 | D:5      | Found a sparkling altar of Nemelex Xobeh.
  3486 | D:5      | Reached skill level 7 in Axes
  3486 | D:5      | Reached XP level 8. HP: 11/72 MP: 7/7
  4059 | D:6      | Found a shattered altar of Ashenzari.
  4139 | D:6      | Found a hide-covered altar of Uskayaw.
  4462 | D:6      | Reached skill level 8 in Axes
  5098 | D:7      | Gained mutation: You passively map the area around you.
                  | [Deep Dwarf growth]
  5098 | D:7      | Reached XP level 9. HP: 38/80 MP: 8/8
  5258 | D:3      | Killed lorefighter's ghost
  5453 | D:7      | Found a staircase to the Ecumenical Temple.
  5470 | Temple   | Entered the Ecumenical Temple
  5769 | Temple   | Became a worshipper of Elyvilon the Healer
  5984 | D:7      | Reached skill level 5 in Fighting
  5984 | D:7      | Reached skill level 9 in Axes
  6438 | D:8      | Found a glowing silver altar of Zin.
  6533 | D:8      | Reached skill level 10 in Axes
  6589 | D:8      | Slain by a basilisk

Illustrated notes

Levels and vault maps discovered:
D:1:      lightli_arrival_statue_moat, layout_loops_ring,
          kennysheep_pointless_box
D:2:      layout_basic, kennysheep_cross_bottleneck,
          nicolae_gozag_cash_rules_everything_around_me
D:3:      layout_rooms, ebering_ghost_gozag, uniq_natasha
D:4:      layout_loops_ring
D:5:      minmay_razor_zed, layout_rooms, nemelex_xobeh_ov_fountains_minmay,
          first_ration, corner_web_ring, grunt_ministairs_12,
          minmay_starry_boxes
D:6:      layout_loops_ring, ashenzari_conservatory_becter,
          eat_drink_and_be_merry_uskayaw, minmay_misc_feat_x
D:7:      layout_loops_ring, minmay_temple_entry_wispy, serial_bayou,
          serial_bayou_crossing, serial_bayou_lake_a, serial_bayou_pond_b,
          serial_bayou_ford_a, basic_altar
D:8:      layout_rooms, makhleb_blood_cavern_becter, zin_academy,
          grunt_temple_overflow_open, minmay_lair_entry_grove, grunt_pizzeria,
          kennysheep_generic_room_8
Temple:   jpeg_temple_clearing

Skill      XL: |  1  2  3  4  5  6  7  8  9 |
---------------+----------------------------+-----
Axes           | 3 4 5 7 8 10 | 10.2
Fighting       | 3 4 5 |  5.4
Armour         | 4 5 6 |  6.7
Shields        | 4 5 7 8 |  8.3
Dodging        | 1 2 3 |  3.5
Stealth        | |  0.6

Action                   |  1- 3 |  4- 6 |  7- 9 || total
-------------------------+-------+-------+-------++-------
Melee: War axe           |   103 |   142 |   660 ||   905
 Abil: Heal Wounds       |     1 |     1 |    12 ||    14
Evoke: Wand              |       |       |     1 ||     1
  Use: Scroll            |       |     4 |     1 ||     5
       Potion            |       |     1 |       ||     1
  Eat: Chunk             |     2 |     4 |    10 ||    16
       Ration            |       |       |     2 ||     2
Armor: Scale mail        |    48 |    61 |   242 ||   351
Dodge: Dodged            |    37 |    35 |   184 ||   256
Block: Kite shield       |    55 |    96 |   415 ||   566
